MLB
CLEVELAND GUARDIANS @ COLORADO ROCKIES
05/23/2098
 
TOP OF THE 1ST
Cleveland Guardians batting - Pitching for Colorado Rockies : RHP Rob Dillon
Pitching: RHP Rob Dillon
Batting: RHB Chase Calhoun 0-0: Ball
1-0: Called Strike
1-1: Swinging Strike
1-2: Ball
2-2: Ball
3-2: Strikes out swinging
Batting: SHB Jose Agramonte 0-0: Ball
1-0: SOLO HOME RUN (Flyball, 7D, EV 102.5 MPH), Distance : 372 ft
Batting: RHB Barry Nicholson 0-0: Called Strike
0-1: Called Strike
0-2: Ball
1-2: Ball
2-2: Ball
3-2: Base on Balls
Batting: LHB Jonathan Setzler 0-0: Called Strike
0-1: DOUBLE (Flyball, 8LXD, EV 101.9 MPH)
Barry Nicholson to third
Runner from 3rd tries for Home, SAFE, no throw by CF
Batting: LHB Matt Cleary 0-0: Called Strike
0-1: Swinging Strike
0-2: Strikes out swinging
Batting: RHB Ciro Visconti 0-0: Swinging Strike
0-1: Ball
1-1: Ball
2-1: Fly out, F7 (Flyball, 78S, EV 78.1 MPH)
Top of the 1st over - 2 runs, 2 hits, 0 errors, 1 left on base; Cleveland 2 - Colorado 0
BOTTOM OF THE 1ST
Colorado Rockies batting - Pitching for Cleveland Guardians : RHP Miguel Vera
Pitching: RHP Miguel Vera
Batting: LHB Mike Keatts 0-0: Ball
1-0: Foul Ball, location: 2F
1-1: DOUBLE (Line Drive, 89M, EV 93.1 MPH)
Batting: RHB Mike Woodard 0-0: Ball
1-0: Ground out 4-3 (Groundball, 4M, EV 105.6 MPH)
Mike Keatts to third
Batting: LHB Matt Beck 0-0: Swinging Strike
0-1: Called Strike
0-2: 2-RUN HOME RUN (Flyball, 89XD, EV 98.1 MPH), Distance : 387 ft
Batting: RHB Kosuke Sakai 0-0: Ball
1-0: DOUBLE (Line Drive, 8RD, EV 97.5 MPH)
Batting: LHB Jim Davis 0-0: Called Strike
0-1: Ball
1-1: Foul Ball, location: 2F
1-2: Ball
2-2: Foul Ball, location: 7LDF
2-2: Ball
3-2: Strikes out swinging
Batting: LHB Glenn Sewell 0-0: SINGLE (Line Drive, 89S, EV 91.9 MPH)
Kosuke Sakai to third
Runner from 3rd tries for Home, SAFE, throw by RF to home
Batting: LHB Carlos Parez 0-0: Ball
1-0: Ball
Glenn Sewell steals 2nd base
2-0: SINGLE (Line Drive, 4MD, EV 99.4 MPH)
Glenn Sewell to third
Runner from 3rd tries for Home, throw by CF and OUT! 8-2
Bottom of the 1st over - 3 runs, 5 hits, 0 errors, 1 left on base; Cleveland 2 - Colorado 3
TOP OF THE 2ND
Cleveland Guardians batting - Pitching for Colorado Rockies : RHP Rob Dillon
Batting: RHB Chris Downs 0-0: Ball
1-0: Ball
2-0: Foul Ball, location: 9LDF
2-1: Ball
3-1: Called Strike
3-2: Foul Ball, location: 5F
3-2: Foul Ball, location: 9LMF
3-2: Ground out U3 (Groundball, 34S, EV 68.1 MPH)
Batting: RHB Chris Goacher 0-0: Called Strike
0-1: Ball
1-1: Foul Ball, location: 2F
1-2: DOUBLE (Line Drive, 7LS, EV 93.8 MPH)
Batting: RHB Jesse Hansen 0-0: Called Strike
0-1: Ball
1-1: Foul Ball, location: 9LMF
1-2: Ball
2-2: Fly out, F9 (Flyball, 9, EV 95.0 MPH)
Pitching: RHP Kevin Kulik
Batting: RHB Chase Calhoun 0-0: Ball
1-0: Ball
2-0: Ball
3-0: Base on Balls
Batting: SHB Jose Agramonte 0-0: Ball
1-0: Called Strike
1-1: Fly out, F8 (Flyball, 8LD, EV 108.1 MPH)
Top of the 2nd over - 0 runs, 1 hit, 0 errors, 2 left on base; Cleveland 2 - Colorado 3
BOTTOM OF THE 2ND
Colorado Rockies batting - Pitching for Cleveland Guardians : RHP Miguel Vera
Batting: SHB Brian Hatcher 0-0: DOUBLE (Line Drive, 89D, EV 111.3 MPH)
Batting: LHB Jesus Pena 0-0: Ball
1-0: Ball
2-0: Called Strike
2-1: Foul Ball, location: 7LMF
2-2: Foul Ball, location: 5FF
2-2: 2-RUN HOME RUN (Flyball, 7LD, EV 98.8 MPH), Distance : 356 ft
Batting: LHB Mike Keatts 0-0: Called Strike
0-1: SINGLE (Groundball, 6S, EV 67.5 MPH) (infield hit)
Batting: RHB Mike Woodard 0-0: Ball
1-0: Ball
2-0: Fly out, F7 (Flyball, 7D, EV 101.3 MPH)
Batting: LHB Matt Beck 0-0: Ball
1-0: Ball
2-0: Ball
3-0: Base on Balls
Mike Keatts to second
Batting: RHB Kosuke Sakai 0-0: Called Strike
0-1: Ball
1-1: Ball
2-1: Ball
3-1: Base on Balls
Mike Keatts to third
Matt Beck to second
Batting: LHB Jim Davis 0-0: Ball
Wild Pitch!
Mike Keatts scores
Matt Beck to third
Kosuke Sakai to second
1-0: Swinging Strike
1-1: Ball
2-1: Foul Ball, location: 5FF
2-2: Foul Ball, location: 7LSF
2-2: Ball
3-2: Base on Balls
Pitching: RHP Adam Bolle
Batting: LHB Glenn Sewell 0-0: Called Strike
0-1: Swinging Strike
0-2: Ball
1-2: Fielders Choice at 2nd, 4-6 (Groundball, 4, EV 95.0 MPH)
Matt Beck scores
Kosuke Sakai to third
Batting: LHB Carlos Parez 0-0: Ball
1-0: SINGLE (Line Drive, 89S, EV 96.3 MPH)
Kosuke Sakai scores
Glenn Sewell to second
Batting: SHB Brian Hatcher 0-0: Called Strike
0-1: Ball
1-1: SINGLE (Groundball, 6MD, EV 95.0 MPH)
Glenn Sewell to third
Carlos Parez to second
Runner from 3rd tries for Home, SAFE, throw by CF to home
Batting: LHB Jesus Pena 0-0: Fly out, F7 (Flyball, 7D, EV 110.0 MPH)
Bottom of the 2nd over - 6 runs, 5 hits, 0 errors, 2 left on base; Cleveland 2 - Colorado 9
TOP OF THE 3RD
Cleveland Guardians batting - Pitching for Colorado Rockies : RHP Kevin Kulik
Batting: RHB Barry Nicholson 0-0: Ball
1-0: Ball
2-0: SINGLE (Line Drive, 78S, EV 105.0 MPH)
Batting: LHB Jonathan Setzler 0-0: Called Strike
0-1: Ball
1-1: SINGLE (Groundball, 3D, EV 102.5 MPH)
Barry Nicholson to second
Runner from 2nd tries for 3rd, SAFE, throw by RF made to third
Batting: LHB Matt Cleary 0-0: Ball
1-0: Called Strike
1-1: Foul Ball, location: 2F
1-2: Foul Ball, location: 25FF
1-2: Foul Ball, location: 2RF
1-2: Foul Ball, location: 2F
1-2: Foul Ball, location: 2RF
1-2: Foul Ball, location: 2F
1-2: Ball
2-2: Ball
3-2: Fielders Choice at 2nd, 4-6 (Groundball, 4, EV 105.0 MPH)
Batting: RHB Ciro Visconti 0-0: Ball
1-0: Called Strike
1-1: Swinging Strike
1-2: Ball
2-2: Ball
3-2: Foul Ball, location: 2F
3-2: DOUBLE (Line Drive, 9LD, EV 107.5 MPH)
Barry Nicholson scores
Matt Cleary to third
Runner from 3rd tries for Home, SAFE, throw by RF to trailing runner, OUT at third! 9-3-5
Batting: RHB Chris Downs 0-0: Ball
1-0: SINGLE (Line Drive, 7S, EV 101.9 MPH)
Pitching: RHP Derek Fauntleroy
Batting: RHB Chris Goacher 0-0: Called Strike
0-1: Ball
1-1: Ball
2-1: Ground out 1-3 (Groundball, 15S, EV 71.3 MPH)
Top of the 3rd over - 2 runs, 4 hits, 0 errors, 1 left on base; Cleveland 4 - Colorado 9
BOTTOM OF THE 3RD
Colorado Rockies batting - Pitching for Cleveland Guardians : RHP Adam Bolle
Batting: LHB Mike Keatts 0-0: Ground out 4-3 (Groundball, 4, EV 99.4 MPH)
Batting: RHB Mike Woodard 0-0: Ball
1-0: Single, Error in OF, E9, batter to second base (Groundball, 34D, EV 108.1 MPH)
Batting: LHB Matt Beck 0-0: Ball
1-0: DOUBLE (Flyball, 89D, EV 108.1 MPH)
Mike Woodard scores
Batting: RHB Kosuke Sakai 0-0: Ball
1-0: Called Strike
1-1: Swinging Strike
1-2: Ball
2-2: Strikes out swinging
Batting: LHB Jim Davis 0-0: Ball
1-0: Swinging Strike
1-1: Ball
2-1: Foul Ball, location: 7LMFF
2-2: Ball
3-2: DOUBLE (Flyball, 89XD, EV 100.6 MPH)
Matt Beck scores
Batting: LHB Glenn Sewell 0-0: Ground out U3 (Groundball, 3, EV 83.1 MPH)
Bottom of the 3rd over - 2 runs, 3 hits, 1 error, 1 left on base; Cleveland 4 - Colorado 11
TOP OF THE 4TH
Cleveland Guardians batting - Pitching for Colorado Rockies : RHP Derek Fauntleroy
Batting: RHB Jesse Hansen 0-0: Called Strike
0-1: Called Strike
0-2: Ground out 6-3 (Groundball, 56, EV 110.0 MPH)
Batting: RHB Chase Calhoun 0-0: Foul Ball, location: 2F
0-1: Ball
1-1: Foul Ball, location: 5F
1-2: Ball
2-2: Ground out U3 (Groundball, 3L, EV 105.6 MPH)
Batting: SHB Jose Agramonte 0-0: Ball
1-0: Foul Ball, location: 5F
1-1: Ball
2-1: Ball
3-1: Foul Ball, location: 7LMFF
3-2: Foul Ball, location: 9LSF
3-2: DOUBLE (Line Drive, 3D, EV 102.5 MPH)
Batting: RHB Barry Nicholson 0-0: Ball
Wild Pitch!
Jose Agramonte to third
1-0: Ball
2-0: Swinging Strike
2-1: Called Strike
2-2: Fly out, F8 (Line Drive, 8RD, EV 101.9 MPH)
Top of the 4th over - 0 runs, 1 hit, 0 errors, 1 left on base; Cleveland 4 - Colorado 11
BOTTOM OF THE 4TH
Colorado Rockies batting - Pitching for Cleveland Guardians : RHP Adam Bolle
Batting: LHB Carlos Parez 0-0: Ball
1-0: Foul Ball, location: 5SF
1-1: Ball
2-1: Called Strike
2-2: Ball
3-2: Ground out 4-3 (Groundball, 4, EV 84.4 MPH)
Batting: SHB Brian Hatcher 0-0: Swinging Strike
0-1: Ground out U3 (Groundball, 3S, EV 92.5 MPH)
Batting: LHB Jesus Pena 0-0: Ball
1-0: Called Strike
1-1: Called Strike
1-2: Ground out 6-3 (Groundball, 6, EV 83.1 MPH)
Bottom of the 4th over - 0 runs, 0 hits, 0 errors, 0 left on base; Cleveland 4 - Colorado 11
TOP OF THE 5TH
Cleveland Guardians batting - Pitching for Colorado Rockies : RHP Derek Fauntleroy
Batting: LHB Jonathan Setzler 0-0: Ball
1-0: Ball
2-0: Foul Ball, location: 9LMF
2-1: Foul Ball, location: 7LDF
2-2: Foul Ball, location: 2F
2-2: Foul Ball, location: 3F
2-2: Foul Ball, location: 5DF
2-2: Foul Ball, location: 3DF
2-2: Ball
3-2: Fly out, F8 (Flyball, 89XD, EV 100.6 MPH)
Batting: LHB Matt Cleary 0-0: Called Strike
0-1: Ball
1-1: Swinging Strike
1-2: Fly out, F9 (Flyball, 9S, EV 96.3 MPH)
Batting: RHB Ciro Visconti 0-0: Ball
1-0: Ball
2-0: Swinging Strike
2-1: Ball
3-1: Base on Balls
Batting: RHB Chris Downs 0-0: Ball
Ciro Visconti steals 2nd base
1-0: Ball
2-0: Called Strike
2-1: Ball
3-1: Ground out U3 (Groundball, 3L, EV 87.5 MPH)
Top of the 5th over - 0 runs, 0 hits, 0 errors, 1 left on base; Cleveland 4 - Colorado 11
BOTTOM OF THE 5TH
Colorado Rockies batting - Pitching for Cleveland Guardians : RHP Adam Bolle
Batting: LHB Mike Keatts 0-0: Ball
1-0: Ball
2-0: Called Strike
2-1: Foul Ball, location: 7LSF
2-2: Foul Ball, location: 2F
2-2: Ground out 4-3 (Groundball, 34, EV 63.1 MPH)
Batting: RHB Mike Woodard 0-0: Called Strike
0-1: Called Strike
0-2: Foul Ball, location: 2F
0-2: Ground out 6-3 (Groundball, 6, EV 94.4 MPH)
Batting: LHB Matt Beck 0-0: Ball
1-0: Foul Ball, location: 7LSF
1-1: Called Strike
1-2: Strikes out looking
Bottom of the 5th over - 0 runs, 0 hits, 0 errors, 0 left on base; Cleveland 4 - Colorado 11
TOP OF THE 6TH
Cleveland Guardians batting - Pitching for Colorado Rockies : RHP Derek Fauntleroy
Pitching: RHP Gustavo Becerra
Batting: RHB Chris Goacher 0-0: Fly out, F9 (Flyball, 9S, EV 84.4 MPH)
Batting: RHB Jesse Hansen 0-0: Called Strike
0-1: Ball
1-1: Foul Ball, location: 3FF
1-2: Foul Ball, location: 25F
1-2: Fly out, F7 (Flyball, 7S, EV 83.8 MPH)
Batting: RHB Chase Calhoun 0-0: Ball
1-0: Called Strike
1-1: Swinging Strike
1-2: Strikes out swinging
Top of the 6th over - 0 runs, 0 hits, 0 errors, 0 left on base; Cleveland 4 - Colorado 11
BOTTOM OF THE 6TH
Colorado Rockies batting - Pitching for Cleveland Guardians : RHP Adam Bolle
Pitching: RHP Eddie Gonzalez
Batting: RHB Kosuke Sakai 0-0: Foul Ball, location: 9LSF
0-1: Ball
1-1: Foul Ball, location: 9LMF
1-2: Ball
2-2: Strikes out looking
Batting: LHB Jim Davis 0-0: Foul Ball, location: 25F
0-1: Foul Ball, location: 7LMF
0-2: DOUBLE (Flyball, 8LXD, EV 93.1 MPH)
Batting: LHB Glenn Sewell 0-0: Fly out, F8 (Flyball, 8LS, EV 98.8 MPH)
Batting: LHB Carlos Parez 0-0: Called Strike
0-1: Ground out U3 (Groundball, 3, EV 101.3 MPH)
Bottom of the 6th over - 0 runs, 1 hit, 0 errors, 1 left on base; Cleveland 4 - Colorado 11
TOP OF THE 7TH
Cleveland Guardians batting - Pitching for Colorado Rockies : RHP Gustavo Becerra
Batting: SHB Jose Agramonte 0-0: Foul Ball, location: 7LSF
0-1: Called Strike
0-2: TRIPLE (Flyball, 9D, EV 100.6 MPH)
Batting: RHB Barry Nicholson 0-0: Ball
1-0: Swinging Strike
1-1: Swinging Strike
1-2: Foul Ball, location: 3FF
1-2: SINGLE (Line Drive, 78S, EV 105.0 MPH)
Jose Agramonte scores
Batting: LHB Jonathan Setzler 0-0: Foul Ball, location: 2F
0-1: Ball
1-1: Ball
2-1: Fly out, F4 (Popup, 3D, EV 56.3 MPH)
Batting: LHB Matt Cleary 0-0: Called Strike
0-1: Ball
1-1: Fly out, F8 (Line Drive, 8RM, EV 94.4 MPH)
Batting: RHB Ciro Visconti 0-0: Called Strike
0-1: Ball
1-1: Foul Ball, location: 2F
1-2: Foul Ball, location: 5DF
1-2: Fly out, F2 (Popup, 13S, EV 86.9 MPH)
Top of the 7th over - 1 run, 2 hits, 0 errors, 1 left on base; Cleveland 5 - Colorado 11
BOTTOM OF THE 7TH
Colorado Rockies batting - Pitching for Cleveland Guardians : RHP Eddie Gonzalez
Batting: SHB Brian Hatcher 0-0: Called Strike
0-1: Foul Ball, location: 2F
0-2: Ball
1-2: Ball
2-2: Ground out 6-3 (Groundball, P, EV 90.0 MPH)
Batting: LHB Jesus Pena 0-0: Ball
1-0: Foul Ball, location: 5SF
1-1: Ground out 5-3 (Groundball, 56S, EV 91.9 MPH)
Batting: LHB Mike Keatts 0-0: Fly out, F7 (Line Drive, 7S, EV 93.1 MPH)
Bottom of the 7th over - 0 runs, 0 hits, 0 errors, 0 left on base; Cleveland 5 - Colorado 11
TOP OF THE 8TH
Cleveland Guardians batting - Pitching for Colorado Rockies : RHP Gustavo Becerra
Pitching: RHP Angel Cruz
Batting: RHB Chris Downs 0-0: Foul Ball, location: 25F
0-1: Swinging Strike
0-2: Foul Ball, location: 7LSF
0-2: Strikes out swinging
Pinch Hitting: LHB Mel Soto 0-0: Ball
1-0: Fly out, F7 (Flyball, 7, EV 95.6 MPH)
Batting: RHB Jesse Hansen 0-0: Called Strike
0-1: Ball
1-1: Ball
2-1: Foul Ball, location: 2F
2-2: Strikes out swinging
Top of the 8th over - 0 runs, 0 hits, 0 errors, 0 left on base; Cleveland 5 - Colorado 11
BOTTOM OF THE 8TH
Colorado Rockies batting - Pitching for Cleveland Guardians : RHP Eddie Gonzalez
Now at 2B: Ciro Visconti
Now in RF: Mel Soto
Batting: RHB Mike Woodard 0-0: Called Strike
0-1: Ground out 4-3 (Groundball, 34, EV 86.3 MPH)
Batting: LHB Matt Beck 0-0: Ball
1-0: Ball
2-0: Ball
3-0: SINGLE (Line Drive, 9S, EV 93.8 MPH)
Batting: RHB Kosuke Sakai 0-0: Ball
1-0: SINGLE (Line Drive, 78S, EV 105.0 MPH)
Matt Beck to second
Batting: LHB Jim Davis 0-0: Grounds into double play, 6-4-3 (Groundball, 6, EV 82.5 MPH)
Bottom of the 8th over - 0 runs, 2 hits, 0 errors, 1 left on base; Cleveland 5 - Colorado 11
TOP OF THE 9TH
Cleveland Guardians batting - Pitching for Colorado Rockies : RHP Angel Cruz
Batting: RHB Chase Calhoun 0-0: Ball
1-0: Called Strike
1-1: Foul Ball, location: 7LMF
1-2: DOUBLE (Flyball, 8RXD, EV 95.6 MPH)
Batting: SHB Jose Agramonte 0-0: Called Strike
0-1: Ball
1-1: Called Strike
1-2: Ball
2-2: Ball
3-2: Fly out, F5 (Popup, 5SF, EV 68.8 MPH)
Batting: RHB Barry Nicholson 0-0: Ball
1-0: Swinging Strike
1-1: Ball
2-1: Foul Ball, location: 5FF
2-2: Strikes out swinging
Batting: LHB Jonathan Setzler 0-0: Foul Ball, location: 7LMF
0-1: Swinging Strike
0-2: Ball
1-2: Strikes out swinging
Top of the 9th over - 0 runs, 1 hit, 0 errors, 1 left on base; Cleveland 5 - Colorado 11
Thursday, April 4th , 2024 - OOTP Baseball 24.11 Build 85